[Event "Titled Tuesday Blitz March 14 Late 2023"]
[White "Kozak, Adam"]
[Black "Yeletsky, Ivan"]
[WhiteFideId "753246"]
[BlackFideId "24180327"]
[WhiteElo "2469"]
[BlackElo "2414"]
[Result "1-0"]
[Round "08"]
[TimeControl "180+2"]
[Date "2023.03.14"]
[WhiteClock "0:00:08"]
[BlackClock "0:00:07"]

1. e4 Nc6 2. Nf3 d6 3. d4 Nf6 4. Nc3 g6 5. h3 Bg7 6. Be2 O-O 7. O-O a6 8. a4 e6 9. Be3 b6 10. Qd2 Bb7 11. Rfd1 Ne7 12. Bd3 c5 13. e5 dxe5 14. dxe5 Nd7 15. Bxg6 Nxg6 16. Qxd7 Qxd7 17. Rxd7 Bxf3 18. gxf3 Nxe5 19. Rb7 Nxf3+ 20. Kf1 Rfb8 21. Rd7 Ne5 22. Rc7 Nc4 23. Rb1 Be5 24. Rd7 Rd8 25. Rxd8+ Rxd8 26. Nd1 f5 27. Bg5 Rd7 28. Ke2 Kf7 29. b3 Na3 30. Rc1 Bb2 31. Nxb2 e5 32. Bd2 Ke6 33. Bc3 b5 34. Nd3 Rd5 35. Bb2 b4 36. Bxa3 bxa3 37. Ra1 c4 38. bxc4 Rd4 39. Rxa3 Rxc4 40. c3 a5 41. Nb2 Re4+ 42. Kd2 Rf4 43. Ke2 Re4+ 44. Kf1 Rh4 45. c4 Rd4 46. Rd3 Re4 47. Re3 Rd4 48. Rd3 Re4 49. f3 Rh4 50. Kg2 e4 51. Kg3 exd3 52. Kxh4 d2 53. Kg3 Ke5 54. Kf2 Kd4 55. Ke2 Kc3 56. c5 1-0


[Site "https://www.chess.com"]

[Event "Titled Tuesday Blitz March 14 Late 2023"]
[White "Melikyan, Gnel"]
[Black "Visakh N R"]
[WhiteFideId "54109990"]
[BlackFideId "25012223"]
[WhiteElo "2138"]
[BlackElo "2466"]
[Result "1-0"]
[Round "08"]
[TimeControl "180+2"]
[Date "2023.03.14"]
[WhiteClock "0:00:28"]
[BlackClock "0:01:33"]

1. e4 c5 2. Nf3 Nc6 3. Bb5 d6 4. O-O Bd7 5. Re1 e5 6. c3 a6 7. Bxc6 bxc6 8. d4 cxd4 9. cxd4 exd4 10. Nxd4 c5 11. Nf5 Be6 12. Bf4 Bxf5 13. exf5+ Be7 14. Qxd6 Qxd6 15. Bxd6 O-O-O 16. Bxe7 Nxe7 17. Nc3 Nxf5 18. Re5 Nd4 19. Rxc5+ Kb7 20. Re1 Ne6 21. Rf5 Rd7 22. g3 Rhd8 23. Kg2 g6 24. Rf6 Rc7 25. Re2 Rd4 26. Ne4 Rd5 27. a3 a5 28. Rd2 Rxd2 29. Nxd2 Kb6 30. Ne4 Kb5 31. Nd6+ Ka4 32. Nxf7 Nc5 33. Ne5 Kb3 34. Rb6+ Ka2 35. b4 Na4 36. Ra6 axb4 37. axb4 Kb3 38. b5 Rb7 39. Nc6 Nc5 40. Ra1 Rb6 41. Ra7 h5 42. Rg7 Ka4 43. Rxg6 Ne4 44. Re6 Nc3 45. Nd4 Rb8 46. b6 Ka5 47. Nc6+ 1-0


[Site "https://www.chess.com"]

[Event "Titled Tuesday Blitz March 14 Late 2023"]
[White "Filgueiras, Nathan Felipe"]
[Black "Nesterov, Arseniy"]
[WhiteFideId "2188562"]
[BlackFideId "24198455"]
[WhiteElo "2241"]
[BlackElo "2491"]
[Result "0-1"]
[Round "08"]
[TimeControl "180+2"]
[Date "2023.03.14"]
[WhiteClock "0:00:12"]
[BlackClock "0:00:12"]

1. e4 e5 2. Nf3 Nc6 3. Bc4 Nf6 4. d3 Bc5 5. O-O d6 6. c3 O-O 7. Bb3 a5 8. Nbd2 h6 9. h3 Re8 10. Re1 Be6 11. Bc2 d5 12. exd5 Bxd5 13. Nf1 b5 14. Ng3 Qd7 15. Be3 Bxe3 16. Rxe3 Rad8 17. Qe2 b4 18. Nxe5 Nxe5 19. Rxe5 bxc3 20. bxc3 Qc6 21. d4 Bxg2 22. Re1 Bxh3 23. f4 Rxe5 24. fxe5 Qxc3 25. Kh2 Rxd4 26. Kxh3 Nd5 27. Rf1 Rd2 28. Qe4 Qxc2 29. Qxc2 Rxc2 30. Rd1 c6 31. a3 Rc3 32. a4 Rc4 33. Rb1 Rxa4 34. Rc1 Nf4+ 35. Kh2 Ra2+ 36. Kh1 Nd3 37. Rxc6 Nxe5 38. Ra6 a4 0-1


[Site "https://www.chess.com"]

[Event "Titled Tuesday Blitz March 14 Late 2023"]
[White "Yelisieiev, Yevhenii"]
[Black "Garcia Pantoja, Roberto"]
[WhiteFideId "14139642"]
[BlackFideId "3509265"]
[WhiteElo "2447"]
[BlackElo "2544"]
[Result "1/2-1/2"]
[Round "08"]
[TimeControl "180+2"]
[Date "2023.03.14"]
[WhiteClock "0:00:08"]
[BlackClock "0:00:11"]

1. d4 Nf6 2. Nf3 e6 3. c4 d5 4. Nc3 Be7 5. Bg5 O-O 6. e3 h6 7. Bh4 b6 8. cxd5 exd5 9. Bd3 Be6 10. O-O c5 11. Rc1 Nc6 12. Bb1 Rc8 13. dxc5 bxc5 14. Qa4 Qb6 15. b3 d4 16. exd4 cxd4 17. Ne2 Rfd8 18. Rfd1 Bg4 19. Bxf6 Bxf6 20. Be4 Bxf3 21. Bxf3 Ne5 22. Be4 Rxc1 23. Nxc1 g6 24. Nd3 Kg7 25. h3 Nxd3 26. Bxd3 h5 27. Qc4 h4 28. Re1 Rd7 29. a4 Rc7 30. Qd5 Qc5 31. Qxc5 Rxc5 32. Bc4 a5 33. Rd1 Re5 34. Kf1 Re7 35. Re1 Rxe1+ 36. Kxe1 Be7 37. Ke2 Bb4 38. Kd3 Bc3 39. Ke4 f5+ 40. Kd5 Kf6 41. f3 g5 42. Bd3 f4 43. Kd6 Bb4+ 44. Kd5 Bc3 45. Kd6 Bb4+ 46. Kd5 Bc3 1/2-1/2


[Site "https://www.chess.com"]

[Event "Titled Tuesday Blitz March 14 Late 2023"]
[White "Rustemov, Alexander"]
[Black "Manelyuk, Daniil"]
[WhiteFideId "4119002"]
[BlackFideId "44173920"]
[WhiteElo "2928"]
[BlackElo "2259"]
[Result "1-0"]
[Round "08"]
[TimeControl "180+2"]
[Date "2023.03.14"]
[WhiteClock "0:00:43"]
[BlackClock "0:00:01"]

1. d4 Nf6 2. c4 c5 3. Nf3 cxd4 4. Nxd4 g6 5. g3 Bg7 6. Bg2 O-O 7. Nc3 Nc6 8. O-O Nxd4 9. Qxd4 d6 10. Qd3 Bf5 11. e4 Bd7 12. b3 a6 13. Bd2 Rb8 14. a4 Bc6 15. h3 Nd7 16. Rab1 Nc5 17. Qc2 Ne6 18. Nd5 b5 19. cxb5 Nd4 20. Qd3 axb5 21. Bc3 Bxd5 22. exd5 Ne2+ 23. Qxe2 Bxc3 24. axb5 Qd7 25. Rfc1 Bd4 26. Bf1 Qf5 27. Bg2 Qd7 28. Qd2 Bb6 29. Bf1 Ra8 30. Rc6 Rfb8 31. Kg2 Qf5 32. Re1 Ra7 33. Bc4 Qf6 34. Qe2 Kg7 35. h4 h5 36. Rd1 Bc5 37. Ra6 Rab7 38. Rd3 Qf5 39. Rf3 Qd7 40. Qe4 f5 41. Qe2 Rxb5 42. Bxb5 Rxb5 43. Qc4 Qb7 44. Rc6 Rb4 45. Qc3+ Kf7 46. Qe1 Bd4 47. Qe6+ Kg7 48. Rc8 Bf6 49. Rg8+ Kh6 50. Qf7 Rg4 51. Qf8+ Kh7 52. Qf7+ Kh6 53. Rf4 Qxb3 54. Rxg4 1-0


[Site "https://www.chess.com"]

[Event "Titled Tuesday Blitz March 14 Late 2023"]
[White "Xu, Yi"]
[Black "Diaz Perez, Michel Alejandro"]
[WhiteFideId "8605564"]
[BlackFideId "3517179"]
[WhiteElo "2471"]
[BlackElo "2333"]
[Result "1-0"]
[Round "08"]
[TimeControl "180+2"]
[Date "2023.03.14"]
[WhiteClock "0:00:12"]
[BlackClock "0:00:04"]

1. e4 c6 2. d4 d5 3. e5 Bf5 4. h4 h5 5. Bd3 Bxd3 6. Qxd3 e6 7. Bg5 Qa5+ 8. Nd2 Qa6 9. Qb3 Nd7 10. Ngf3 b5 11. O-O Ne7 12. a4 Nf5 13. axb5 Qxb5 14. Qxb5 cxb5 15. Nb3 Be7 16. Ra6 Nb8 17. Ra5 Bxg5 18. hxg5 b4 19. Rfa1 Nc6 20. Rc5 Kd7 21. Ra6 Rhc8 22. Rb5 Rab8 23. Rxb8 Rxb8 24. g6 Rb6 25. gxf7 Ke7 26. Rxb6 axb6 27. c3 Kxf7 28. Ng5+ Ke7 29. g3 Na5 30. Nd2 Nc6 31. Kf1 b5 32. Nb3 bxc3 33. bxc3 b4 34. cxb4 Ncxd4 35. Nc5 Nc6 36. b5 Nxe5 37. Ngxe6 1-0


[Site "https://www.chess.com"]

[Event "Titled Tuesday Blitz March 14 Late 2023"]
[White "Adewumi, Tanitoluwa"]
[Black "Fiorito, Francisco"]
[WhiteFideId "30966396"]
[BlackFideId "180165"]
[WhiteElo "2806"]
[BlackElo "2341"]
[Result "1-0"]
[Round "08"]
[TimeControl "180+2"]
[Date "2023.03.14"]
[WhiteClock "0:01:00"]
[BlackClock "0:00:01"]

1. e4 c5 2. Nf3 Nc6 3. Bb5 g6 4. Bxc6 dxc6 5. d3 Bg7 6. h3 Qc7 7. O-O e5 8. Be3 b6 9. Nbd2 Ne7 10. a3 O-O 11. b4 cxb4 12. axb4 f6 13. d4 exd4 14. Bxd4 Rd8 15. Qe2 Be6 16. Qe3 Bf7 17. Rfe1 Re8 18. Qc3 Qf4 19. g3 Qd6 20. Nc4 Qe6 21. Ne3 h5 22. Kg2 Rac8 23. Ng5 Qd6 24. Nxf7 Kxf7 25. Nc4 Qe6 26. Rxa7 c5 27. bxc5 bxc5 28. Bxf6 Bxf6 29. e5 Bg7 30. Nd6+ Qxd6 31. Qf3+ Bf6 32. exd6 1-0


[Site "https://www.chess.com"]

[Event "Titled Tuesday Blitz March 14 Late 2023"]
[White "Ashraf, Artin"]
[Black "Vlassov, Nikolai"]
[WhiteFideId "22514805"]
[BlackFideId "4103360"]
[WhiteElo "2188"]
[BlackElo "2324"]
[Result "0-1"]
[Round "08"]
[TimeControl "180+2"]
[Date "2023.03.14"]
[WhiteClock "0:00:03"]
[BlackClock "0:00:30"]

1. Nf3 c5 2. c4 g6 3. d4 Bg7 4. d5 f5 5. Nc3 Nf6 6. e4 Nxe4 7. Nxe4 fxe4 8. Ng5 Qa5+ 9. Bd2 Qb6 10. Nxe4 Qxb2 11. Rb1 Qe5 12. Bd3 O-O 13. O-O d6 14. Re1 b6 15. Nxc5 Qh5 16. Qxh5 gxh5 17. Ne6 Bxe6 18. Rxe6 Bf6 19. Bh6 Rc8 20. Rb3 Na6 21. Be2 h4 22. Rf3 Nc5 23. Ree3 a6 24. Rf4 b5 25. Rg4+ Kh8 26. h3 bxc4 27. Bxc4 Rab8 28. Kh2 Rb2 29. a3 Rxf2 30. Rxe7 Rg8 31. Rxg8+ Kxg8 32. Re8+ Kf7 33. Rf8+ Kg6 34. Rxf6+ Kxf6 35. Be3 Rc2 36. Bxc5 dxc5 37. Bxa6 Ke5 38. Bb7 Ra2 0-1


[Site "https://www.chess.com"]

[Event "Titled Tuesday Blitz March 14 Late 2023"]
[White "Domingo Nunez, Ruben"]
[Black "Costachi, Mihnea"]
[WhiteFideId "22245570"]
[BlackFideId "1217518"]
[WhiteElo "2404"]
[BlackElo "2456"]
[Result "1-0"]
[Round "08"]
[TimeControl "180+2"]
[Date "2023.03.14"]
[WhiteClock "0:00:13"]
[BlackClock "0:00:06"]

1. b3 d5 2. Bb2 Nf6 3. Nf3 g6 4. e3 Bg7 5. Be2 O-O 6. O-O c5 7. c4 dxc4 8. bxc4 b6 9. d4 cxd4 10. exd4 Bb7 11. Nc3 Nc6 12. d5 Na5 13. Nb5 a6 14. Nbd4 Rc8 15. Rc1 Ne4 16. Re1 Nd6 17. Nd2 Nf5 18. N2b3 Nxb3 19. axb3 Re8 20. Bg4 e6 21. Bxf5 gxf5 22. Qd2 Qf6 23. Ba1 Qg6 24. Nf3 exd5 25. cxd5 Rxe1+ 26. Rxe1 Bxa1 27. Rxa1 Rd8 28. Qf4 Bxd5 29. Rd1 Qf6 30. Qc7 Re8 31. Qg3+ Kh8 32. Ng5 Bxb3 33. Qxb3 Qxg5 34. Qxf7 Qg6 35. Qb7 b5 36. Rc1 f4 37. h3 Qe6 38. Rc7 Qg6 39. Rc6 Qg5 40. Qd7 1-0


[Site "https://www.chess.com"]

[Event "Titled Tuesday Blitz March 14 Late 2023"]
[White "Preotu, Razvan"]
[Black "Arabidze, Meri"]
[WhiteFideId "2613280"]
[BlackFideId "13604040"]
[WhiteElo "2407"]
[BlackElo "2405"]
[Result "0-1"]
[Round "08"]
[TimeControl "180+2"]
[Date "2023.03.14"]
[WhiteClock "0:00:01"]
[BlackClock "0:00:09"]

1. e4 c5 2. Nf3 e6 3. c3 d5 4. exd5 exd5 5. d4 Nc6 6. Bb5 Bd6 7. dxc5 Bxc5 8. O-O Ne7 9. Nbd2 O-O 10. Nb3 Bb6 11. Re1 Bg4 12. h3 Bh5 13. Be3 Bxe3 14. Rxe3 a6 15. Be2 Qd6 16. Nfd4 Bg6 17. Qe1 Rad8 18. Rd1 Nf5 19. Nxf5 Bxf5 20. Bf3 Be6 21. Nd4 Nxd4 22. Rxd4 b5 23. Re5 Qc5 24. Qd2 Rd6 25. Qf4 Rfd8 26. Rg5 R6d7 27. Qe5 g6 28. h4 Qd6 29. Qf6 Qe7 30. Qf4 Qd6 31. Qd2 Qe7 32. h5 h6 33. Rg3 g5 34. Bg4 f5 35. Bd1 Qf6 36. Re3 f4 37. Re1 Bf7 38. Bg4 Re7 39. Kh2 Rde8 40. Rxe7 Qxe7 41. Bf3 Qe5 42. Bxd5 f3+ 43. g3 Bxd5 44. Rxd5 Qe2 45. Rd7 Qxd2 46. Rxd2 Re2 47. Rd6 Rxf2+ 48. Kg1 Rxb2 49. Rxa6 Kg7 50. Kf1 Rg2 51. Rb6 Rxg3 52. Rxb5 g4 53. Rf5 Rh3 0-1


[Site "https://www.chess.com"]

[Event "Titled Tuesday Blitz March 14 Late 2023"]
[White "Almeida Quintana, Omar"]
[Black "Tanenbaum, Zachary"]
[WhiteFideId "3503313"]
[BlackFideId "2060850"]
[WhiteElo "2530"]
[BlackElo "2175"]
[Result "1/2-1/2"]
[Round "08"]
[TimeControl "180+2"]
[Date "2023.03.14"]
[WhiteClock "0:00:06"]
[BlackClock "0:00:03"]

1. d4 d5 2. Nf3 Nf6 3. c4 dxc4 4. e3 Bg4 5. Bxc4 e6 6. Be2 Nbd7 7. Nc3 Bb4 8. Bd2 O-O 9. Rc1 Qe7 10. a3 Bxc3 11. Bxc3 c5 12. dxc5 Nxc5 13. Bxf6 gxf6 14. Qd4 Bxf3 15. Bxf3 Rac8 16. O-O f5 17. Rc3 Rfd8 18. Qb4 b6 19. g3 Qf6 20. Qc4 Kg7 21. b4 b5 22. Qxc5 Qxc3 23. Qxb5 Qxa3 24. Qe5+ Kg8 25. b5 Rc1 26. Rxc1 Qxc1+ 27. Kg2 Rc8 28. e4 fxe4 29. Bxe4 Qc5 30. Qf6 Qf8 31. Qd4 Rc7 32. Bc6 Qc8 33. Qg4+ Kf8 34. Qb4+ Kg7 35. Qg4+ Kh8 36. Qd4+ f6 37. Qxf6+ Rg7 38. h4 a6 39. h5 axb5 40. h6 Qxc6+ 41. Kh2 Qc7 42. hxg7+ Qxg7 43. Qd8+ Qg8 44. Qf6+ Qg7 45. Qd8+ Qg8 46. Qf6+ Qg7 1/2-1/2


[Site "https://www.chess.com"]

[Event "Titled Tuesday Blitz March 14 Late 2023"]
[White "Skvortsov, Andrei"]
[Black "Tica, Sven"]
[WhiteFideId "24108600"]
[BlackFideId "14526948"]
[WhiteElo "2259"]
[BlackElo "2348"]
[Result "1-0"]
[Round "08"]
[TimeControl "180+2"]
[Date "2023.03.14"]
[WhiteClock "0:01:28"]
[BlackClock "0:00:27"]

1. e4 g6 2. d4 Bg7 3. g3 b6 4. Bg2 Bb7 5. Ne2 d6 6. O-O e6 7. Nd2 Ne7 8. c3 Nd7 9. a4 a6 10. Nc4 h6 11. d5 e5 12. f4 f5 13. fxe5 Nxe5 14. Nxe5 Bxe5 15. Nd4 Qd7 16. Ne6 c6 17. c4 b5 18. axb5 axb5 19. Rxa8+ Bxa8 20. b3 Rh7 21. Be3 bxc4 22. bxc4 cxd5 23. exd5 Kf7 24. Qd2 Qc8 25. Bxh6 Qxc4 26. Ng5+ Kg8 27. Qa5 Qc8 28. Nxh7 Kxh7 29. Be3 Bb7 30. Rc1 1-0


[Site "https://www.chess.com"]

[Event "Titled Tuesday Blitz March 14 Late 2023"]
[White "Avila Pavas, Santiago"]
[Black "Nazaretyan, Tigran"]
[WhiteFideId "4437128"]
[BlackFideId "24162345"]
[WhiteElo "2365"]
[BlackElo "2111"]
[Result "1-0"]
[Round "08"]
[TimeControl "180+2"]
[Date "2023.03.14"]
[WhiteClock "0:00:29"]
[BlackClock "0:00:11"]

1. d4 Nf6 2. Nf3 d6 3. Bg5 Nbd7 4. Nbd2 h6 5. Bh4 g5 6. Bg3 Nh5 7. e4 Bg7 8. Bc4 e6 9. c3 a6 10. Qe2 b5 11. Bb3 Bb7 12. h4 g4 13. Nh2 Nxg3 14. fxg3 h5 15. Nhf1 Qf6 16. Ne3 Qg6 17. O-O Bxe4 18. Nxe4 Qxe4 19. Bc2 Qb7 20. Rae1 Nf6 21. Nf5 Bf8 22. Nxd6+ cxd6 23. Rxf6 O-O-O 24. Ref1 Rd7 25. Bg6 fxg6 26. Rxf8+ Rxf8 27. Rxf8+ Kc7 28. Qxe6 Qc6 29. Qe8 Kb6 30. Qxg6 Qd5 31. Qf5 Qxf5 32. Rxf5 Rh7 33. Kf2 a5 34. Ke3 a4 35. Kd3 a3 36. bxa3 Ra7 37. Rxh5 Rxa3 38. Rh8 Rxa2 39. Rg8 Ra3 40. Kc2 Ra2+ 41. Kb3 Rxg2 42. Rxg4 Rh2 43. Rg5 Kc6 44. h5 Rh3 45. g4 Rh1 46. Rg6 Rb1+ 47. Kc2 Rh1 48. h6 Kd5 49. g5 Kc4 50. Rxd6 Rh2+ 51. Kd1 Kxc3 52. Rd7 b4 53. h7 b3 54. g6 b2 55. Rb7 Kd3 56. Ke1 Ke3 57. Kf1 Kf3 58. Rb3+ Ke4 59. g7 Rxh7 60. g8=Q b1=Q+ 61. Rxb1 Rh1+ 62. Ke2 Rxb1 63. Qg6+ Kxd4 64. Qxb1 1-0


[Site "https://www.chess.com"]

[Event "Titled Tuesday Blitz March 14 Late 2023"]
[White "Averjanov, Alexey"]
[Black "Mirimanian, Hayk"]
[WhiteFideId "14109867"]
[BlackFideId "4700180"]
[WhiteElo "2721"]
[BlackElo "2280"]
[Result "1-0"]
[Round "08"]
[TimeControl "180+2"]
[Date "2023.03.14"]
[WhiteClock "0:00:07"]
[BlackClock "0:00:16"]

1. d4 e6 2. c4 Nf6 3. Nf3 Bb4+ 4. Nbd2 O-O 5. g3 b6 6. Bg2 Bb7 7. O-O d5 8. b3 Nbd7 9. Bb2 Ne4 10. Rc1 f5 11. a3 Be7 12. e3 Rc8 13. b4 c5 14. bxc5 bxc5 15. cxd5 exd5 16. dxc5 Ba6 17. Re1 Ndxc5 18. Bf1 Bxf1 19. Nxf1 Qd7 20. Re2 Na4 21. Ba1 Nac3 22. Bxc3 Nxc3 23. Rxc3 Rxc3 24. Rd2 Rd8 25. a4 Bf6 26. Qb1 Rc4 27. a5 Rdc8 28. a6 Rc1 29. Qb7 Qxb7 30. axb7 Rb8 31. Rxd5 Rxb7 32. Kg2 g6 33. N1d2 Rc8 34. h3 Ra8 35. Nc4 a6 36. g4 Rb5 37. Rd6 Be7 38. Re6 fxg4 39. hxg4 Bf8 40. Nd4 Rb4 41. Nb6 Bc5 42. Nxa8 Bxd4 43. exd4 Rxd4 44. Rxa6 Rxg4+ 45. Kf3 Rg5 46. Nc7 Rf5+ 47. Kg2 Rf7 48. Ne6 Re7 49. Ra8+ Kf7 50. Ng5+ Kf6 51. Nf3 h6 52. Ra6+ Kg7 53. Ra5 g5 54. Ra4 Re6 55. Kg3 Kg6 56. Ra5 Rd6 57. Ne5+ Kf6 58. Nf3 Kg6 59. Rb5 Re6 60. Rc5 Kf6 61. Nd4 Ra6 62. Nf5 Kg6 63. Ne3 h5 64. Rd5 Rf6 65. f3 Ra6 66. Nc4 Rc6 67. Ne5+ Kf6 68. Nxc6 Ke6 69. Rxg5 1-0


[Site "https://www.chess.com"]

[Event "Titled Tuesday Blitz March 14 Late 2023"]
[White "Quinones Garcia, Santiago"]
[Black "Subelj, Jan"]
[WhiteFideId "4408497"]
[BlackFideId "14618583"]
[WhiteElo "2263"]
[BlackElo "2474"]
[Result "0-1"]
[Round "08"]
[TimeControl "180+2"]
[Date "2023.03.14"]
[WhiteClock "0:00:06"]
[BlackClock "0:00:40"]

1. d4 b6 2. c4 Bb7 3. Nc3 Nf6 4. Qc2 d5 5. cxd5 Nxd5 6. e4 Nxc3 7. bxc3 c5 8. Nf3 e6 9. Bb5+ Bc6 10. Bxc6+ Nxc6 11. Be3 cxd4 12. cxd4 Bb4+ 13. Ke2 Rc8 14. Qa4 O-O 15. Rac1 Qd6 16. Rhd1 Ba5 17. d5 exd5 18. exd5 Nb4 19. Rxc8 Rxc8 20. Nd4 Nxd5 21. Nf5 Nc3+ 22. Kf3 Qf6 23. Qd7 Rf8 24. Rd6 Qe5 25. Bd4 Qe4+ 26. Kg3 Ne2+ 27. Kh3 h5 28. Ne7+ Kh7 29. Bxg7 Ng1+ 30. Kg3 h4# 0-1


[Site "https://www.chess.com"]

[Event "Titled Tuesday Blitz March 14 Late 2023"]
[White "Rodchenkov, Sergey D."]
[Black "Mendonca, Leon Luke"]
[WhiteFideId "4168712"]
[BlackFideId "35028561"]
[WhiteElo "2277"]
[BlackElo "2464"]
[Result "1-0"]
[Round "08"]
[TimeControl "180+2"]
[Date "2023.03.14"]
[WhiteClock "0:00:30"]
[BlackClock "0:00:25"]

1. e4 c5 2. Nf3 b6 3. d4 cxd4 4. Nxd4 Bb7 5. Nc3 Nf6 6. Bd3 Nc6 7. Nxc6 Bxc6 8. O-O e6 9. Re1 Be7 10. e5 Nd5 11. Nxd5 Bxd5 12. Qg4 g6 13. Bh6 Bf8 14. Bxf8 Kxf8 15. Be4 Bxe4 16. Qxe4 Rc8 17. Rad1 Kg7 18. c3 Qe7 19. Qf4 Rc5 20. Rd6 Rhc8 21. Red1 R8c7 22. h4 Rc4 23. R1d4 b5 24. h5 g5 25. Qd2 Rxd4 26. Qxd4 h6 27. b3 Qd8 28. Qd2 Qc8 29. Rd3 Rc5 30. f4 gxf4 31. Qxf4 Qf8 32. Qf6+ Kh7 33. Rxd7 Kg8 34. Rd8 1-0


[Site "https://www.chess.com"]

[Event "Titled Tuesday Blitz March 14 Late 2023"]
[White "Ismagilov, Damir"]
[Black "Escalona Landi, Samid Eduardo"]
[WhiteFideId "34199982"]
[BlackFideId "3937437"]
[WhiteElo "2078"]
[BlackElo "2207"]
[Result "0-1"]
[Round "08"]
[TimeControl "180+2"]
[Date "2023.03.14"]
[WhiteClock "0:00:15"]
[BlackClock "0:00:23"]

1. d4 Nf6 2. Nf3 g6 3. Nbd2 d5 4. b3 Bg7 5. Bb2 O-O 6. e3 c6 7. Be2 Bg4 8. O-O Nbd7 9. h3 Bxf3 10. Nxf3 Ne4 11. c4 e6 12. Qc2 Re8 13. Rfd1 a5 14. a3 Qb6 15. Rac1 f5 16. a4 Bf8 17. c5 Qc7 18. Bd3 Bg7 19. Rb1 Rf8 20. Ne1 e5 21. Nf3 Rae8 22. Re1 f4 23. exf4 exd4 24. Bxe4 dxe4 25. Rxe4 Rxe4 26. Qxe4 Qxf4 27. Qe6+ Qf7 28. Qxf7+ Rxf7 29. Bxd4 Bxd4 30. Nxd4 Nxc5 31. b4 axb4 32. Rxb4 Rd7 33. a5 Nd3 34. Ra4 Nf4 35. Kh2 Nd3 36. Kg3 Nc5 37. Rb4 Kf7 38. f3 Kf6 39. Nb3 Nxb3 40. Rxb3 Ke5 41. Kg4 c5 42. Kg5 c4 43. Rb1 c3 44. Re1+ Kd5 45. Rd1+ Kc6 46. Rc1 Rd3 47. Kh6 Kc5 48. Kxh7 Kc4 49. Kxg6 Rd5 50. f4 Rxa5 51. f5 b5 52. f6 b4 53. f7 Ra8 54. Kg7 b3 55. f8=Q Rxf8 56. Kxf8 b2 57. Rf1 c2 58. g4 c1=Q 59. Rxc1+ bxc1=Q 0-1


[Site "https://www.chess.com"]

[Event "Titled Tuesday Blitz March 14 Late 2023"]
[White "Johannesson, Ingvar Thor"]
[Black "Pakleza, Zbigniew"]
[WhiteFideId "2301490"]
[BlackFideId "1119290"]
[WhiteElo "2360"]
[BlackElo "2410"]
[Result "1-0"]
[Round "08"]
[TimeControl "180+2"]
[Date "2023.03.14"]
[WhiteClock "0:00:07"]
[BlackClock "0:00:02"]

1. c4 d6 2. g3 e5 3. Bg2 g6 4. Nc3 Bg7 5. Nf3 Ne7 6. O-O O-O 7. d3 f5 8. Bg5 h6 9. Bxe7 Qxe7 10. Rb1 a5 11. a3 c6 12. Nd2 Be6 13. b4 axb4 14. axb4 e4 15. Qb3 d5 16. cxd5 cxd5 17. Nxd5 Qf7 18. dxe4 fxe4 19. Bxe4 Rd8 20. Qc2 Bxd5 21. Bxg6 Qe7 22. Nc4 Nd7 23. Rfd1 Be6 24. Nd6 Ne5 25. Nf5 Qf6 26. Nh4 Rf8 27. Bh7+ Kh8 28. f4 Ra2 29. Qe4 Bc8 30. fxe5 Qf2+ 31. Kh1 Rxe2 32. Ng6+ Kxh7 33. Nxf8+ Kg8 34. Qh7+ Kxf8 35. Rf1 Bh3 36. Rxf2+ Rxf2 37. Qe4 Be6 38. Qxb7 Rd2 39. Qb8+ Kf7 40. Rf1+ Ke7 41. Qa7+ Bd7 42. Qc5+ Ke8 43. b5 Re2 44. b6 Bxe5 45. b7 Bb8 46. Rf8# 1-0


[Site "https://www.chess.com"]

[Event "Titled Tuesday Blitz March 14 Late 2023"]
[White "Karttunen, Mika"]
[Black "Korchmar, Vasiliy"]
[WhiteFideId "502081"]
[BlackFideId "24131750"]
[WhiteElo "2396"]
[BlackElo "2370"]
[Result "0-1"]
[Round "08"]
[TimeControl "180+2"]
[Date "2023.03.14"]
[WhiteClock "0:00:13"]
[BlackClock "0:01:14"]

1. d4 d5 2. c4 c6 3. Nf3 Nf6 4. Nc3 e6 5. e3 Nbd7 6. Bd3 dxc4 7. Bxc4 b5 8. Bd3 b4 9. Na4 c5 10. O-O cxd4 11. exd4 Bb7 12. Bg5 Be7 13. Rc1 O-O 14. Nc5 Bxf3 15. Qxf3 Bxc5 16. Bxf6 Be7 17. Bxe7 Qxe7 18. Rc7 Qd6 19. Rc6 Qxd4 20. Rd1 Qxb2 21. Bxh7+ Kxh7 22. Rxd7 Qb1+ 23. Rd1 Qxa2 24. Rc7 Kg8 25. h4 b3 26. Rdd7 b2 27. Rxf7 b1=Q+ 28. Kh2 Qg6 29. Rxg7+ Qxg7 30. Rxg7+ Kxg7 31. Qg4+ Kf7 32. Qh5+ Ke7 33. Qc5+ Kd7 34. Qb5+ Kd6 35. Qb4+ Kc6 36. Qe4+ Qd5 37. Qa4+ Kd6 38. Qb4+ Kd7 39. Qa4+ Qc6 0-1


[Site "https://www.chess.com"]

[Event "Titled Tuesday Blitz March 14 Late 2023"]
[White "Matinian, Nikita"]
[Black "Estrada Nieto, Julian"]
[WhiteFideId "24129100"]
[BlackFideId "5101018"]
[WhiteElo "2422"]
[BlackElo "2176"]
[Result "1-0"]
[Round "08"]
[TimeControl "180+2"]
[Date "2023.03.14"]
[WhiteClock "0:00:04"]
[BlackClock "0:00:02"]

1. e4 e5 2. Nf3 Nc6 3. Bb5 a6 4. Ba4 Nf6 5. O-O Be7 6. d3 b5 7. Bb3 d6 8. a3 O-O 9. Nc3 Na5 10. Ba2 Be6 11. b4 Bxa2 12. Nxa2 Nc6 13. c4 Qd7 14. Nc3 Rab8 15. h3 h6 16. Be3 Nd8 17. Qc2 Ne6 18. Nd5 c6 19. Nxe7+ Qxe7 20. a4 Qb7 21. cxb5 cxb5 22. a5 Rbc8 23. Qb2 Nh5 24. Kh2 Nhf4 25. Qd2 f5 26. Rfc1 Nxg2 27. Kxg2 f4 28. Bb6 Qe7 29. Qa2 Kh7 30. Qd5 Ng5 31. Ng1 Qd7 32. f3 Rf6 33. h4 Nf7 34. h5 Ng5 35. Bf2 Qe8 36. Rxc8 Qxc8 37. d4 Nf7 38. Bh4 Re6 39. Bf2 Rf6 40. Rd1 Qc2 41. dxe5 dxe5 42. Rd2 Qc1 43. Qd7 Ng5 44. Bc5 Qc3 45. Be7 Rc6 46. Bxg5 hxg5 47. Nh3 Qe3 48. Nxg5+ Kh6 49. Nf7+ Kxh5 50. Qg4# 1-0


[Site "https://www.chess.com"]

[Event "Titled Tuesday Blitz March 14 Late 2023"]
[White "Ozates, Tuna"]
[Black "Ezat, Mohamed"]
[WhiteFideId "6354521"]
[BlackFideId "10600906"]
[WhiteElo "2151"]
[BlackElo "2386"]
[Result "0-1"]
[Round "08"]
[TimeControl "180+2"]
[Date "2023.03.14"]
[WhiteClock "0:01:09"]
[BlackClock "0:01:13"]

1. e4 c6 2. d4 d5 3. exd5 cxd5 4. c4 Nf6 5. Nc3 g6 6. cxd5 Bg7 7. g3 O-O 8. Bg2 Na6 9. Nge2 Nc7 10. Qb3 e6 11. dxe6 Nxe6 12. O-O Nxd4 13. Nxd4 Qxd4 14. Be3 Qg4 15. Rad1 Qh5 16. Nd5 Ng4 17. h4 Nxe3 18. Nxe3 Qa5 19. Rd5 Qb6 20. Rb5 Qa6 21. Rc1 Bh6 22. Rc7 Bxe3 23. fxe3 Be6 24. Qb4 Qxa2 25. Rbxb7 Rad8 26. Rxa7 Qb1+ 27. Kh2 Bd5 28. e4 Be6 29. h5 Qd1 30. Rc5 Rd2 31. hxg6 hxg6 32. e5 Qh5+ 33. Qh4 Rxg2+ 34. Kxg2 Qe2+ 0-1


[Site "https://www.chess.com"]

[Event "Titled Tuesday Blitz March 14 Late 2023"]
[White "Roebers, Eline"]
[Black "Papasimakopoulos, Alexandros"]
[WhiteFideId "1058401"]
[BlackFideId "4244125"]
[WhiteElo "2542"]
[BlackElo "2359"]
[Result "0-1"]
[Round "08"]
[TimeControl "180+2"]
[Date "2023.03.14"]
[WhiteClock "0:00:53"]
[BlackClock "0:00:41"]

1. e4 e6 2. d4 d5 3. Nc3 Bb4 4. e5 c5 5. a3 Bxc3+ 6. bxc3 Nc6 7. a4 Qa5 8. Bd2 Nge7 9. Nf3 Bd7 10. Bb5 a6 11. Be2 c4 12. O-O f6 13. Qb1 fxe5 14. dxe5 Qc7 15. Bf4 O-O 16. Be3 Nxe5 17. Nxe5 Qxe5 18. Qxb7 Qd6 19. Qb1 Nf5 20. Bc1 Rab8 21. Qa2 Qe5 22. Re1 Qxc3 23. Ba3 Rfe8 24. Bg4 Nd4 25. Bc5 Nxc2 26. Rac1 Rb2 27. Qa1 Qxe1+ 28. Rxe1 Nxa1 29. Rxa1 0-1


[Site "https://www.chess.com"]